 Dungeon Crawl Stone Soup version 0.22-a0-247-gbddf880 (webtiles) character file.

382 nikopol the Magician (level 6, -1/32 HPs)
             Began as a Deep Elf Fire Elementalist on Feb 27, 2018.
             Killed from afar by Ijyb (9 damage)
             ... with a wand of flame (30)
             ... on level 3 of the Dungeon.
             The game lasted 00:12:36 (3622 turns).

nikopol the Magician (Deep Elf Fire Elementalist)   Turns: 3622, Time: 00:12:37

Health: -1/32      AC:  4    Str:  5    XL:     6   Next: 47%
Magic:  11/16      EV: 13    Int: 24    God:
Gold:   158        SH:  0    Dex: 15    Spells: 6/16 levels left

rFire    . . .     SeeInvis .   (no weapon)
rCold    . . .     Gourm    .   (no shield)
rNeg     . . .     Faith    .   a - +0 robe
rPois    +         Spirit   .   (no helmet)
rElec    .         Reflect  .   s - +1 cloak {rPois}
rCorr    .         Harm     .   (no gloves)
MR       .....                  (no boots)
Stlth    ++........             (no amulet)
HPRegen  0.10/turn              i - +2 ring of intelligence
MPRegen  0.15/turn              j - ring of wizardry

@: no status effects
A: no striking features
a: no special abilities


You were on level 3 of the Dungeon.
You were hungry.

You visited 1 branch of the dungeon, and saw 4 of its levels.

You collected 158 gold pieces.

Inventory:

Armour
 a - a +0 robe (worn)
 s - a +1 cloak of poison resistance (worn)
Jewellery
 i - a +2 ring of intelligence (left hand)
 j - a ring of wizardry (right hand)
Wands
 n - a wand of polymorph (15)
Scrolls
 c - a scroll of enchant armour {unknown}
 d - a scroll of amnesia {unknown}
 f - 2 scrolls of identify {unknown}
 g - a scroll of remove curse
 h - a scroll of fear {unknown}
 o - a scroll of teleportation {unknown}
Potions
 e - 2 potions of curing {unknown}
 k - a potion of lignification {unknown}
 l - a potion of heal wounds {unknown}
 m - 2 potions of mutation {unknown}
 p - a potion of flight {unknown}
 q - a potion of invisibility {unknown}
Comestibles
 b - 6 rations


   Skills:
 + Level 3.0 Dodging
 + Level 3.0 Stealth
 + Level 5.5 Spellcasting
 + Level 3.9 Conjurations
 + Level 5.3 Fire Magic


You had 6 spell levels left.
You knew the following spells:

 Your Spells              Type           Power        Failure   Level  Hunger
a - Flame Tongue          Conj/Fire      ####.        1%          1    None
b - Throw Flame           Conj/Fire      ####..       1%          2    None
c - Conjure Flame         Conj/Fire      ####....     1%          3    #......
d - Sticky Flame          Conj/Fire      ####....     4%          4    ###....


Dungeon Overview and Level Annotations

Branches:
Dungeon (4/15)
 Temple: D:4-7

Altars:
Ashenzari
Dithmenos
Kikubaaqudgha
Yredelemnul

Annotations:
D:3 Ijyb


Message History

Press: ? - help, Shift-Dir - straight line, f/p - Ijyb
Aim: Ijyb, wearing a runed leather armour and carrying a wand of flame (31) (lightly wounded)
The flame tongue misses Ijyb.
Ijyb throws a stone.
The stone closely misses you.
Casting: Flame Tongue (safe; 1% risk of failure)
Confirm with . or Enter, or press ? or * to list all spells.
Aiming: Flame Tongue (safe; 1% risk of failure)
Press: ? - help, Shift-Dir - straight line, f/p - Ijyb
Aim: Ijyb, wearing a runed leather armour and carrying a wand of flame (31) (lightly wounded)
The flame tongue misses Ijyb.
Ijyb zaps a wand.
The puff of flame hits you!
* * * LOW HITPOINT WARNING * * *
Casting: Flame Tongue (safe; 1% risk of failure)
Confirm with . or Enter, or press ? or * to list all spells.
Aiming: Throw Flame (safe; 1% risk of failure)
Press: ? - help, Shift-Dir - straight line, f/p - Ijyb
Aim: Ijyb, wearing a runed leather armour and carrying a wand of flame (30) (lightly wounded)
The puff of flame hits Ijyb.
Ijyb is moderately wounded.
Ijyb zaps a wand.
The puff of flame hits you!
You die...

...## #.# ##.#..##)...._......
##.####.### #.###.##.#.......#.#
..........#####.##.#..#.......#.#
##.##............._)..##.....##.#
##.##.#....#.....#.#..####.####..
...##.##.#.#.##..#.##............
#####.##.#.#.##..#.##.##..#.)#..#
#......#.##....##.###....##.#
####.###.###@..##.# #....)..#
####.###.#......g.# ####.####
#......#..........# #.#
#.##.#.###.......## #.# #.#....#
#.......# #.# #.#.#..# #.......#
#†# #.#....# #.......# #.#
#.#.##.# #.......# ##.#
#......########### #..#


You could see Ijyb.

Vanquished Creatures
  A hound (D:4)
  An orc wizard (D:4)
  Crazy Yiuf (D:3)
  Terence (D:3)
  A worker ant (D:4)
  9 adders
  6 gnolls (D:4)
  3 worms
  2 leopard geckos (D:1)
  7 orcs
  3 giant cockroaches
  3 goblins
  12 hobgoblins
  16 jackals
  2 ball pythons (D:3)
  10 bats
  2 frilled lizards
  12 kobolds
  5 rats
97 creatures vanquished.

Notes
Turn   | Place    | Note
-------+----------+-------------------------------------------
     0 | D:1      | nikopol the Deep Elf Fire Elementalist began the quest for the Orb.
     0 | D:1      | Reached XP level 1. HP: 10/10 MP: 6/6
   228 | D:1      | Reached XP level 2. HP: 15/15 MP: 5/8
   536 | D:2      | Reached XP level 3. HP: 15/19 MP: 2/10
   542 | D:1      | Learned a level 2 spell: Throw Flame
   546 | D:1      | Learned a level 3 spell: Conjure Flame
   630 | D:2      | Found a shadowy altar of Dithmenos.
  1103 | D:2      | Reached XP level 4. HP: 24/24 MP: 8/11
  1780 | D:3      | Found a shattered altar of Ashenzari.
  1780 | D:3      | Noticed Ijyb
  2116 | D:3      | Reached XP level 5. HP: 22/28 MP: 3/13
  2290 | D:3      | Found an ancient bone altar of Kikubaaqudgha.
  2328 | D:3      | Noticed Terence
  2339 | D:3      | Killed Terence
  2345 | D:3      | Learned a level 4 spell: Sticky Flame
  2664 | D:3      | Found a runed door.
  2668 | D:3      | Noticed Crazy Yiuf
  2674 | D:3      | Killed Crazy Yiuf
  2875 | D:4      | Reached skill level 5 in Fire Magic
  2881 | D:4      | Reached skill level 5 in Spellcasting
  3001 | D:4      | Reached XP level 6. HP: 32/32 MP: 2/15
  3290 | D:4      | Found a basalt altar of Yredelemnul.
  3622 | D:3      | Killed from afar by Ijyb

Vault maps used:
D:1:      dpeg_arrival_tiny_a
D:2:      nicolae_overflow_crystal_walls
D:3:      ashenzari_altar_1, old_standard_altar, uniq_crazy_yiuf_cottage,
          uniq_terence, uniq_ijyb
D:4:      lemuel_castle_with_subvaults, yredelemnul_altar_generic

Skill      XL: |  1  2  3  4  5  6 |
---------------+-------------------+-----
Fire Magic     | 4 5 |  5.3
Conjurations   | 2 3 |  3.9
Spellcasting   | 4 5 |  5.5
Stealth        | 3 |  3.0
Dodging        | 3 |  3.0

Action                   |  1- 3 |  4- 6 || total
-------------------------+-------+-------++-------
 Cast: Flame Tongue      |    70 |   118 ||   188
       Conjure Flame     |       |     5 ||     5
       Throw Flame       |       |    14 ||    14
       Sticky Flame      |       |     2 ||     2
  Use: Scroll            |       |     1 ||     1
  Eat: Chunk             |       |     8 ||     8
Armor: Robe              |     4 |     8 ||    12
Dodge: Dodged            |    22 |    16 ||    38

Table legend:
 A = Spawn XP
 B = Non-spawn XP
 C = Spawn XP percentage of total XP
 D = Spawn monster count
 E = Non-spawn monster count
 F = Spawn count percentage of total count
 G = Total turns spent on level
                    A         B        C        D         E        F      G
               +---------+---------+-------+---------+---------+-------+---------
         Total |       0 |     547 |   0.0 |       0 |      97 |   0.0 |  3622
               +---------+---------+-------+---------+---------+-------+---------
           D:1 |       0 |      32 |   0.0 |       0 |      18 |   0.0 |   613
           D:2 |       0 |      78 |   0.0 |       0 |      16 |   0.0 |  1150
           D:3 |       0 |     197 |   0.0 |       0 |      36 |   0.0 |  1192
           D:4 |       0 |     240 |   0.0 |       0 |      27 |   0.0 |   667
               +---------+---------+-------+---------+---------+-------+---------
